 Dungeon Crawl Stone Soup version 0.29.1-15-g9cfb28693d (webtiles) character file.

Game seed: 17684336149210138067

13 Mune the Conjurer (level 2, -2/15 HPs)
             Began as a Deep Elf Conjurer on Mar 12, 2023.
             Slain by a kobold
             ... wielding a +0 short sword
              (3 damage)
             ... on level 1 of the Dungeon.
             The game lasted 00:01:50 (815 turns).

Mune the Conjurer (Deep Elf Conjurer)                Turns: 815, Time: 00:01:52

Health: -2/15      AC:  2    Str:  4    XL:     2   Next: 24%
Magic:  0/8        EV: 12    Int: 22    God:
Gold:   68         SH:  0    Dex: 13    Spells: 6/7 levels left

rFire   . . .      SeeInvis .   h - staff of death
rCold   . . .      Faith    .   (no shield)
rNeg    + . .      Spirit   .   a - +0 robe
rPois   .          Reflect  .   (no helmet)
rElec   .          Harm     .   (no cloak)
rCorr   .          Rampage  .   (no gloves)
Will    .....                   (no boots)
Stlth   ++........              (no amulet)
HPRegen 0.05/turn               (no ring)
MPRegen 0.11/turn               (no ring)

@: no status effects
A: no striking features
a: no special abilities


You were on level 1 of the Dungeon.
You visited 1 branch of the dungeon, and saw 2 of its levels.

You collected 68 gold pieces.

Inventory:

Hand Weapons
 e - a +0 dagger of venom
Armour
 a - a +0 robe (worn)
Magical Staves
 h - a staff of death (weapon)
Scrolls
 c - a scroll of teleportation {unknown}
 d - a scroll of brand weapon {unknown}
 f - a scroll of amnesia {unknown}
 g - a scroll of identify {unknown}
Potions
 b - a potion of magic


   Skills:
 - Level 2.4 Dodging
 + Level 2.8 Stealth
 + Level 3.3 Spellcasting
 * Level 4.7 Conjurations


You had 6 spell levels left.
You knew the following spells:

 Your Spells              Type           Power      Damage    Failure   Level
a - Magic Dart            Conj           96%        1d7       1%          1

Your spell library contained the following spells:

 Spells                   Type           Power      Damage    Failure   Level
 Searing Ray              Conj           48%        2d6       2%          2
 Dazzling Flash           Conj/Hex       28%        N/A       14%         3
 Fulminant Prism          Conj/Hex       7%         3d7       41%         4
 Iskenderun's Mystic Bla  Conj/Tloc      14%        2d5       41%         4


Dungeon Overview and Level Annotations

Branches:
Dungeon (2/15)

Altars:

Shops:
D:1 (


Message History

* * * LOW HITPOINT WARNING * * *
Casting: Magic Dart (safe; 1% risk of failure)
Confirm with . or Enter, or press ? or * to list all spells.
Aiming: Magic Dart (safe; 1% risk of failure)
Press: ? - help, Shift-Dir - straight line, f - hobgoblin
Aim: a hobgoblin (100% to hit)
The magic dart hits the hobgoblin!
You kill the hobgoblin!
The kobold barely misses you. The kobold hits you but does no damage.
You climb downwards.
A bat comes into view.
There is a stone staircase leading up here.
The giant cockroach bites you but does no damage.
The kobold closely misses you.
You climb upwards.
There is a stone staircase leading down, spattered with blood here.
You hit the giant cockroach.
The giant cockroach is moderately wounded.
The giant cockroach barely misses you. The kobold hits you but does no damage.
The giant cockroach bites you.
* * * LOW HITPOINT WARNING * * *
You barely miss the giant cockroach.
The giant cockroach is moderately wounded.
The giant cockroach barely misses you. The kobold closely misses you.
You hit the kobold.
The kobold is severely wounded.
The giant cockroach closely misses you.
The kobold hits you with a +0 short sword.
* * * LOW HITPOINT WARNING * * *
Casting: Magic Dart (safe; 1% risk of failure)
Confirm with . or Enter, or press ? or * to list all spells.
Aiming: Magic Dart (safe; 1% risk of failure)
Press: ? - help, Shift-Dir - straight line, f - kobold
Aim: a kobold, wielding a +0 short sword (severely wounded, 100% to hit)
The magic dart hits the kobold but does no damage.
The kobold is severely wounded.
The giant cockroach closely misses you.
The kobold hits you with a +0 short sword.
You die...

################
#...B@K>.......## ###
##.#########...>.## ##.##
##.....#####.......#
##.#.#####.#####............#
#.###.#...#.....#.###.......#####
.##.......≈.....≈#..............#
#.#.#.#.#≈.≈...≈≈.#..##...#####.#
##...#.#..≈.≈≈§.≈..#.###.## #.#
##.##.#...§.≈§§≈≈≈#.....# #.#


You could see a giant cockroach and a kobold.

Vanquished Creatures
  A worm (D:1)
  A dart slug (D:1)
  2 endoplasms (D:1)
  A hobgoblin (D:1)
  2 ball pythons (D:1)
  A bat (D:1)
  A goblin (D:1)
9 creatures vanquished.

Notes
Turn   | Place    | Note
-------+----------+-------------------------------------------
     0 | D:1      | Mune the Deep Elf Conjurer began the quest for the Orb.
     0 | D:1      | Reached XP level 1. HP: 10/10 MP: 6/6
   111 | D:1      | Found a faded altar of an unknown god.
   281 | D:1      | Found Lietaese's Weapon Shop.
   345 | D:1      | Reached XP level 2. HP: 15/15 MP: 4/8
   815 | D:1      | Slain by a kobold

Illustrated notes

Levels and vault maps discovered:
D:1:      eino_arrival_druids_welcome, layout_loops_ring,
          shapermc_ecumenical_altar_starsandcircs, serial_shops,
          nicolae_shop_bloodbath_and_beyond, hangedman_decor_points
D:2:      layout_basic, basic_altar

Action                   || total
-------------------------++-------
Melee: Staff             ||     8
 Cast: Magic Dart        ||    21
Armor: Robe              ||     9
Dodge: Dodged            ||    15
